 Dungeon Crawl Stone Soup version 0.25-a0-942-g87a53962fc (webtiles) character file.

Game seed: 6550977574485539526, levelgen mode: deterministic

28324 Daoist the Grappler (level 13, -1/135 HPs)
             Began as a Troll Berserker on May 7, 2020.
             Was an Elder of Trog.
             Slain by a death knight
             ... wielding a +3 great sword of flaming
              (5 damage)
             ... on level 14 of the Dungeon.
             The game lasted 00:36:20 (14696 turns).

Daoist the Grappler (Troll Berserker)              Turns: 14696, Time: 00:36:21

Health: -1/135     AC:  8    Str: 28    XL:     13   Next: 9%
Magic:  10/10      EV: 12    Int:  3    God:    Trog [****..]
Gold:   1196       SH: 19    Dex: 15    Spells: 12/12 levels left

rFire    . . .     SeeInvis .     - Unarmed
rCold    + . .     Gourm    +   l - +2 tower shield
rNeg     + . .     Faith    .   O - +2 robe {rN+}
rPois    .         Spirit   .   (helmet restricted)
rElec    .         Reflect  .   i - scarf {cloud immunity}
rCorr    .         Harm     .   (gloves unavailable)
MR       +++..                  (boots unavailable)
Stlth    ++........             (no amulet)
HPRegen  1.72/turn              K - ring of ice
MPRegen  0.12/turn              F - ring of protection from fire

@: regenerating, studying Polearms
A: large, unfitting armour, claws 3, thin skeletal structure 1, fast metabolism
3, gourmand, low mp 1, magic resistance 1, regeneration 1, shaggy fur 1, tough
skin 3, no potion heal 1
a: Berserk, Trog's Hand, Brothers in Arms, Renounce Religion


You were on level 14 of the Dungeon.
You worshipped Trog.
Trog was greatly pleased with you.
You were very full.

You visited 3 branches of the dungeon, and saw 17 of its levels.
You also visited: Ossuary and Ice Cave.

You collected 1196 gold pieces.

Inventory:

Missiles
 N - 23 boomerangs (quivered)
Armour
 h - a +0 cloak of cold resistance
 i - a scarf of cloud immunity (worn)
 l - a +2 tower shield (worn)
 M - a +0 cloak
 O - a +2 robe of positive energy (worn)
 Q - a +0 cloak of magic resistance
Jewellery
 g - an uncursed ring of ice
 m - an uncursed ring of see invisible
 F - a ring of protection from fire (right claw)
 K - a ring of ice (left claw)
Wands
 n - a wand of polymorph (10)
 p - a wand of flame (51)
 r - a wand of disintegration (20)
 A - a wand of iceblast (26)
 D - a wand of acid (10)
 J - a wand of scattershot (10)
Scrolls
 a - 2 scrolls of identify
 f - 6 scrolls of remove curse
 o - 3 scrolls of amnesia
 s - 6 scrolls of teleportation
 t - 4 scrolls of blinking
 y - 2 scrolls of enchant weapon
 B - 3 scrolls of fear {unknown}
 I - a scroll of immolation {unknown}
Potions
 c - 2 potions of berserk rage
 d - 8 potions of curing
 e - a potion of invisibility {unknown}
 j - 6 potions of lignification
 k - a potion of haste
 u - 4 potions of brilliance
 v - a potion of degeneration {unknown}
 w - 2 potions of might
 x - a potion of magic {unknown}
 z - a potion of flight {unknown}
 C - 2 potions of stabbing {unknown}
 H - 2 potions of resistance {unknown}
 L - a potion of ambrosia {unknown}
Books
 E - a manual of Polearms
Comestibles
 b - 15 rations
 q - 10 chunks of flesh


   Skills:
 * Level 10.4 Fighting
 - Level 1.0 Throwing
 + Level 7.1 Armour
 + Level 7.6 Dodging
 + Level 7.0 Shields
 * Level 12.2 Unarmed Combat


You had 12 spell levels left.
You didn't know any spells.
Your spell library was empty.

Dungeon Overview and Level Annotations

Branches:
Dungeon (14/15)            Temple (0/1) D:7            Lair (1/6) D:9
    Orc (2/2) D:10            Elf (0/3) Orc:2       Ossuary (visited)
  IceCv (visited)
 Vaults: D:13-14

Altars:
Elyvilon
Fedhas
Kikubaaqudgha
Qazlal
Ru
Wu Jian
Xom
Beogh

Shops:
D:4 (   D:9 }   Orc:2 [[((

Annotations:
D:2 exclusion: oklob plant
Lair:1 Joseph, Sonja


Innate Abilities, Weirdness & Mutations

You are too large for most types of armour.
You have claws for hands.
Your metabolism is lightning-fast.
You like to eat raw meat.
Your natural rate of healing is unusually fast.
You are covered in fur. (AC +1)
You have extremely tough skin. (AC +3)
You have a somewhat thin skeletal structure. (Dex +2, Stealth)
Your magical capacity is low. (-10% MP)
You are resistant to hostile enchantments. (MR+)
Potions are less effective at restoring your health.


Message History

Your skin crawls.
You feel resistant to hostile enchantments.
You feel somewhat less full.
The death knight hits you with a +3 great sword of flaming!
* * * LOW HITPOINT WARNING * * *
The death knight burns you.
* * * LOW HITPOINT WARNING * * *
Your two-headed ogre goes berserk!
Trog will no longer gift you weapons. You block the death knight's attack.
You mangle the death knight!!
The death knight is heavily wounded.
Your two-headed ogre hits the death knight with a +0 giant club!
Your two-headed ogre closely misses the death knight.
You mangle the death knight!!
The death knight is almost dead.
The death knight hits you with a +3 great sword of flaming!
* * * LOW HITPOINT WARNING * * *
The death knight burns you.
You die...

#.# #.#
#.# #.#
#.# # #.#
.##
#.#...#..
#@pO.....
#.#..$##.
#.# .##
#.. .#
### .. .#
.


You could see a death knight and a friendly two-headed ogre (berserk).

Vanquished Creatures
  3 two-headed ogres
  Nergalle (D:12)
  3 skeletal warriors (D:13)
  A necromancer (IceCv)
  A deep elf mage (D:13)
  An orc knight (Orc:2)
  An ugly thing (D:11)
  Maurice (Orc:1)
  An ice statue (IceCv)
  2 kobold demonologists (D:12)
  7 freezing wraiths (IceCv)
  5 trolls
  2 hippogriffs
  A wyvern (D:11)
  13 yaks
  2 vampire mosquitoes (D:13)
  4 wargs
  A porcupine (D:9)
  2 water moccasins
  30 orc warriors
  6 ice beasts
  A hornet zombie (D:8)
  2 black bears
  2 sky beasts
  2 necrophages
  5 centaurs
  7 ogres
  2 big kobolds
  7 bullfrogs
  A wyvern zombie (D:8)
  An elf skeleton (D:5)
  2 water moccasin zombies (Ossuary)
  A scorpion (D:7)
  A swamp dragon simulacrum (IceCv)
  2 elephant simulacra (IceCv)
  6 howler monkeys
  5 crimson imps
  7 draconian simulacra (IceCv)
  3 centaur zombies
  4 bullfrog zombies
  A quasit (D:10)
  3 centaur skeletons
  4 hounds
  6 jellies
  24 orc wizards
  23 orc priests
  3 human skeletons (D:5)
  6 iguanas
  12 worker ants
  2 spriggan simulacra (IceCv)
  3 troll simulacra (IceCv)
  A wolf simulacrum (IceCv)
  6 big kobold zombies (Ossuary)
  3 centaur simulacra (IceCv)
  2 mummies (Ossuary)
  A worker ant zombie (D:11)
  3 gnolls (D:5)
  9 adders
  2 naga simulacra (IceCv)
  An ogre simulacrum (IceCv)
  A shadow imp (D:5)
  11 white imps (IceCv)
  3 oozes
  3 adder zombies
  An adder skeleton (D:7)
  2 dart slugs (D:1)
  6 leopard geckos
  81 orcs
  A ball python (D:5)
  7 bats
  8 giant cockroaches
  5 gnoll zombies (Ossuary)
  8 goblins
  8 hobgoblins
  5 jackals
  2 quokkas
  6 frilled lizards
  10 hobgoblin zombies (Ossuary)
  A jackal skeleton (D:4)
  14 kobolds
  3 kobold zombies (Ossuary)
  A leopard gecko skeleton (D:5)
  An orc skeleton (D:5)
  6 orc zombies
  A quokka skeleton (D:8)
  2 rats
461 creatures vanquished.

Vanquished Creatures (collateral kills)
  An orc warlord (Orc:2)
  An orc high priest (Orc:2)
  3 orc knights
  2 orc sorcerers (Orc:2)
  A komodo dragon (D:9)
  3 freezing wraiths (IceCv)
  3 wargs
  An ice beast (IceCv)
  11 orc warriors
  2 ogres
  A crocodile (D:9)
  A draconian simulacrum (IceCv)
  5 orc priests
  An orc wizard (Orc:2)
  A naga simulacrum (IceCv)
  A white imp (IceCv)
  16 orcs
54 creatures vanquished.

Vanquished Creatures (others)
  12 plants (D:9)
  8 toadstools (D:2)
20 creatures vanquished.

Grand Total: 535 creatures vanquished

Notes
Turn   | Place    | Note
-------+----------+-------------------------------------------
     0 | D:1      | Daoist the Troll Berserker began the quest for the Orb.
     0 | D:1      | Reached XP level 1. HP: 22/22 MP: 0/0
    46 | D:1      | Reached XP level 2. HP: 25/29 MP: 1/1
   250 | D:1      | Reached XP level 3. HP: 35/36 MP: 2/2
   695 | D:2      | Reached skill level 1 in Throwing
   808 | D:2      | Found a blossoming altar of Fedhas.
   827 | D:2      | Noticed an oklob plant
  1063 | D:2      | Reached ** piety under Trog
  1155 | D:2      | Found a faded altar of an unknown god.
  1205 | D:2      | Reached skill level 1 in Armour
  1205 | D:2      | Reached XP level 4. HP: 31/45 MP: 3/3
  2079 | D:3      | Reached skill level 4 in Unarmed Combat
  2079 | D:3      | Reached XP level 5. HP: 35/53 MP: 4/4
  2185 | D:4      | Noticed a sky beast
  2193 | D:4      | Killed a sky beast
  2193 | D:4      | Reached skill level 1 in Shields
  2193 | D:4      | Reached XP level 6. HP: 55/61 MP: 5/5
  2198 | D:4      | Gained mutation: Your spells are a little harder to cast,
                  | but a little more powerful. [potion of mutation]
  2198 | D:4      | Gained mutation: You have a somewhat thin skeletal
                  | structure. (Dex +2, Stealth) [potion of mutation]
  2198 | D:4      | Gained mutation: You are agile. (Dex +2) [potion of
                  | mutation]
  2496 | D:4      | Found an ornate altar of the Wu Jian Council.
  2701 | D:4      | Found Jucoagac's Weapon Emporium.
  3062 | D:5      | Entered Level 5 of the Dungeon
  3127 | D:5      | Reached XP level 7. HP: 61/70 MP: 6/6
  3135 | D:5      | Found a sand-covered staircase.
  3141 | D:5      | Reached skill level 5 in Unarmed Combat
  3147 | Ossuary  | Entered an ossuary
  3189 | Ossuary  | Reached *** piety under Trog
  3507 | D:5      | Reached XP level 8. HP: 60/79 MP: 7/7
  3511 | D:5      | Reached **** piety under Trog
  3754 | D:5      | Reached skill level 5 in Fighting
  3869 | D:5      | Reached skill level 6 in Unarmed Combat
  4537 | D:7      | Found an ancient bone altar of Kikubaaqudgha.
  4538 | D:7      | Found a white marble altar of Elyvilon.
  4538 | D:7      | Found a sacrificial altar of Ru.
  4542 | D:7      | Found a shimmering altar of Xom.
  4612 | D:7      | Found a staircase to the Ecumenical Temple.
  4639 | D:7      | Reached skill level 7 in Unarmed Combat
  4639 | D:7      | Reached XP level 9. HP: 89/89 MP: 8/8
  4926 | D:7      | Reached ***** piety under Trog
  5019 | D:7      | Found a stormy altar of Qazlal.
  5074 | D:7      | Found a blossoming altar of Fedhas.
  5641 | D:8      | Noticed a two-headed ogre
  5654 | D:8      | Killed a two-headed ogre
  5654 | D:8      | Reached skill level 5 in Dodging
  5654 | D:8      | Reached skill level 8 in Unarmed Combat
  5701 | D:8      | Reached XP level 10. HP: 57/100 MP: 9/9
  6483 | D:9      | Found Qoveidgh's Gadget Boutique.
  6523 | D:9      | Lost mutation: Your spells are a little harder to cast, but
                  | a little more powerful. [potion of mutation]
  6523 | D:9      | Lost mutation: You are agile. (Dex +2) [potion of mutation]
  6523 | D:9      | Gained mutation: Your system is resistant to poisons.
                  | (rPois) [potion of mutation]
  6523 | D:9      | Gained mutation: Potions are less effective at restoring
                  | your health. [potion of mutation]
  6523 | D:9      | Gained mutation: You have sharp toenails. [potion of
                  | mutation]
  6524 | D:9      | Lost mutation: You have sharp toenails. [potion of
                  | mutation]
  6524 | D:9      | Lost mutation: You have a somewhat thin skeletal structure.
                  | (Dex +2, Stealth) [potion of mutation]
  6524 | D:9      | Lost mutation: Your system is resistant to poisons. (rPois)
                  | [potion of mutation]
  6524 | D:9      | Gained mutation: You have a somewhat thin skeletal
                  | structure. (Dex +2, Stealth) [potion of mutation]
  6524 | D:9      | Gained mutation: Your magical capacity is low. (-10% MP)
                  | [potion of mutation]
  6524 | D:9      | Gained mutation: You are resistant to hostile enchantments.
                  | (MR+) [potion of mutation]
  6745 | D:9      | Reached skill level 9 in Unarmed Combat
  6838 | D:9      | Found a staircase to the Lair.
  7221 | Lair:1   | Entered Level 1 of the Lair of Beasts
  7221 | Lair:1   | Noticed Joseph
  7221 | Lair:1   | Noticed Sonja
  7337 | D:10     | Entered Level 10 of the Dungeon
  7355 | D:10     | Reached skill level 5 in Armour
  7393 | D:10     | Noticed a two-headed ogre
  7398 | D:10     | Killed a two-headed ogre
  7398 | D:10     | Reached skill level 5 in Shields
  7829 | D:10     | Reached XP level 11. HP: 64/111 MP: 8/8
  8049 | D:10     | Found a staircase to the Orcish Mines.
  8301 | Orc:1    | Entered Level 1 of the Orcish Mines
  8491 | Orc:1    | Reached skill level 10 in Unarmed Combat
  8556 | Orc:1    | Found a roughly hewn altar of Beogh.
  8557 | Orc:1    | Noticed an orc knight
  8574 | Orc:1    | Killed an orc knight
  8968 | Orc:1    | Noticed Maurice
  9023 | Orc:1    | Killed Maurice
  9175 | Orc:2    | Entered Level 2 of the Orcish Mines
  9229 | Orc:2    | Noticed an orc knight
  9235 | Orc:2    | Killed an orc knight
  9472 | Orc:2    | Found a roughly hewn altar of Beogh.
  9478 | Orc:2    | Noticed an orc high priest
  9482 | Orc:2    | Noticed a soul eater
  9514 | Orc:2    | Killed an orc high priest
  9733 | Orc:2    | Found Zaumeyd's Armour Emporium.
  9862 | Orc:2    | Found a staircase to the Elven Halls.
  9946 | Orc:2    | Noticed an orc sorcerer
 10169 | Orc:2    | Noticed an orc knight
 10176 | Orc:2    | Killed an orc sorcerer
 10185 | Orc:2    | Killed an orc knight
 10352 | Orc:2    | Found a roughly hewn altar of Beogh.
 10570 | Orc:2    | Noticed an orc knight
 10673 | Orc:2    | Noticed an orc warlord
 10716 | Orc:2    | Killed an orc warlord
 10723 | Orc:2    | Noticed an orc sorcerer
 10731 | Orc:2    | Killed an orc sorcerer
 10824 | Orc:2    | Reached XP level 12. HP: 113/123 MP: 9/9
 10894 | Orc:2    | Reached skill level 11 in Unarmed Combat
 10946 | Orc:2    | Found Qikhiwul's Antique Weapon Emporium.
 10948 | Orc:2    | Found Ocieteg's Antique Armour Shoppe.
 10953 | Orc:2    | Found a roughly hewn altar of Beogh.
 11031 | Orc:2    | Found a roughly hewn altar of Beogh.
 11067 | Orc:2    | Found a roughly hewn altar of Beogh.
 11173 | Orc:2    | Found a roughly hewn altar of Beogh.
 11175 | Orc:2    | Found Qocruofaan's Weapon Shop.
 11197 | Orc:2    | HP: 6/123 [orc priest/divine providence (16)]
 12139 | D:11     | Received a gift from Trog
 12533 | D:12     | Found a frozen archway.
 12539 | IceCv    | Entered an ice cave
 12554 | IceCv    | HP: 5/186 [swamp dragon simulacrum (19)]
 13078 | IceCv    | Found an ancient bone altar of Kikubaaqudgha.
 13359 | IceCv    | Reached skill level 10 in Fighting
 14046 | D:12     | Noticed Nergalle
 14056 | D:12     | Killed Nergalle
 14056 | D:12     | Reached skill level 12 in Unarmed Combat
 14511 | D:13     | Noticed a two-headed ogre
 14538 | D:13     | Killed a two-headed ogre
 14538 | D:13     | Reached XP level 13. HP: 75/135 MP: 10/10
 14652 | D:13     | Identified the cursed +1 ring mail of Jobiubun {rElec
                  | Stlth+}
 14696 | D:14     | HP: 4/135 [death knight/+3 great sword of flaming (13)]
 14696 | D:14     | Slain by a death knight

Levels and vault maps discovered:
D:1:      dpeg_chamrin_arrival_tetris, layout_basic, st_stairs_11,
          chequers_arboretum, minmay_misc_feat_chi, serial_bayou_pond_d
D:2:      layout_loops_corners, chequers_ecumenical_altar_island,
          minmay_misc_feat_iff, tgw_fedhas
D:3:      layout_basic
D:4:      layout_cave_pods, marbit_many_paths, first_ration, serial_shops,
          nicolae_shop_crystal
D:5:      layout_loops_ring, nicolae_ossuary_entry_catacombs
D:6:      layout_basic, minmay_manual_monstrance
D:7:      layout_gridville, grunt_temple_overflow_forces_of_nature,
          grunt_temple_overflow_open, minmay_temple_entry_mini_moons
D:8:      layout_cave_pools
D:9:      layout_loops_ring, david_lair_shrubbed, serial_shops,
          nicolae_shop_trees
D:10:     layout_cave_pools, david_orc_1_choice
D:11:     layout_rooms
D:12:     layout_loops_ring, portal_ice_cave_entry_pillars_2, uniq_nergalle
D:13:     layout_gridville, david_vaults_1
D:14:     layout_loops_ring, roderic_serpentine_path, grunt_livestock,
          makhleb_altar_promises_db
Lair:1:   layout_gridlike, serial_bayou_lagoon_b, uniq_joseph, uniq_gastronok,
          uniq_sonja
Orc:1:    layout_diamond_mine, mines2_david, uniq_maurice
Orc:2:    grunt_orc_community_town_hall, layout_caves,
          grunt_orc_community_big_house_2, grunt_orc_community_big_house_2,
          grunt_orc_community_house_1, grunt_orc_community_house_2,
          grunt_orc_community_house_2, grunt_orc_community_house_2,
          grunt_orc_community_house_3

Skill      XL: |  1  2  3  4  5  6  7  8  9 10 11 12 |
---------------+-------------------------------------+-----
Throwing       | 1 |  1.0
Fighting       | 3 4 5 6 8 9 10 | 10.4
Armour         | 1 2 3 4 5 6 7 |  7.1
Unarmed Combat | 4 5 7 8 9 10 12 | 12.2
Dodging        | 3 4 5 6 7 |  7.6
Shields        | 1 2 3 4 5 6 7 |  7.0

Action                   |  1- 3 |  4- 6 |  7- 9 | 10-12 | 13-15 || total
-------------------------+-------+-------+-------+-------+-------++-------
Melee: Unarmed           |    71 |   133 |   436 |   883 |    32 ||  1555
       Punch             |     1 |       |       |       |       ||     1
Invok: Berserk           |       |       |     1 |     1 |       ||     2
       Trog's Hand       |       |       |       |     7 |     1 ||     8
       Brothers in Arms  |       |       |       |    13 |     1 ||    14
Evoke: Wand              |       |       |       |     1 |       ||     1
  Use: Scroll            |       |    10 |       |    12 |       ||    22
       Potion            |       |     1 |       |     8 |       ||     9
 Stab: Sleeping          |     1 |     3 |    10 |     5 |       ||    19
  Eat: Chunk             |    14 |    20 |    24 |    88 |     2 ||   148
       Ration            |       |       |       |     1 |       ||     1
Armor: Animal skin       |    28 |    37 |    70 |    17 |       ||   152
       Robe              |       |       |       |   109 |     2 ||   111
       Skin              |       |       |       |     8 |       ||     8
Dodge: Dodged            |    33 |    25 |    89 |   179 |     6 ||   332
Block: Tower shield      |     9 |    69 |   361 |   740 |    20 ||  1199

Table legend:
 A = Non-vault XP
 B = Vault XP
 C = Vault XP percentage of total XP
 D = Non-vault monster count
 E = Vault monster count
 F = Vault count percentage of total count
                 A         B        C        D         E       F
            +---------+---------+-------+---------+---------+-------
      Total |   26378 |   14086 |  34.8 |     329 |     186 |  36.1
            +---------+---------+-------+---------+---------+-------
        D:1 |      33 |       8 |  19.5 |      16 |       4 |  20.0
        D:2 |      92 |       0 |   0.0 |      10 |       0 |   0.0
        D:3 |     138 |       0 |   0.0 |      25 |       0 |   0.0
        D:4 |     374 |       7 |   1.8 |      13 |       1 |   7.1
        D:5 |     680 |     191 |  21.9 |      31 |       6 |  16.2
        D:6 |     489 |      88 |  15.3 |      11 |       2 |  15.4
        D:7 |    1164 |       0 |   0.0 |      25 |       0 |   0.0
        D:8 |    2348 |       0 |   0.0 |      27 |       0 |   0.0
        D:9 |    2364 |     279 |  10.6 |      24 |       1 |   4.0
       D:10 |    3082 |     689 |  18.3 |      21 |       9 |  30.0
       D:11 |    3085 |       0 |   0.0 |      28 |       0 |   0.0
       D:12 |    2854 |     808 |  22.1 |      21 |       1 |   4.5
       D:13 |    4390 |       0 |   0.0 |      18 |       0 |   0.0
      Orc:1 |    2476 |     489 |  16.5 |      30 |       4 |  11.8
      Orc:2 |    2809 |    5398 |  65.8 |      29 |      69 |  70.4
    Ossuary |       0 |     388 | 100.0 |       0 |      35 | 100.0
      IceCv |       0 |    5741 | 100.0 |       0 |      54 | 100.0
            +---------+---------+-------+---------+---------+-------
